 Dungeon Crawl Stone Soup version 0.27-a0-1559-g299f9947c5 (webtiles) character file.

Game seed: 941514226858498052

2585 Conn the Firebug (level 9, -6/54 HPs)
             Began as an Octopode Fire Elementalist on July 16, 2021.
             Mangled by a hornet simulacrum (8 damage)
             ... on level 5 of the Dungeon.
             The game lasted 00:24:05 (10534 turns).

Conn the Firebug (Octopode Fire Elementalist)      Turns: 10534, Time: 00:24:17

Health: -6/54      AC:  2    Str:  7    XL:     9   Next: 58%
Magic:  17/17      EV: 13    Int: 21    God:
Gold:   248        SH:  0    Dex: 12    Spells: 8/19 levels left

rFire    + + +     SeeInvis .   m - +7 short sword "Nisherra" {elec, *Corrode +Blink Fly rF++}
rCold    . . .     Faith    .   (no shield)
rNeg     . . .     Spirit   .   (helmet restricted)
rPois    .         Reflect  .   j - amulet of magic regeneration
rElec    .         Harm     .   z - ring of fire
rCorr    .         Rampage  .   (no ring)
Will     .....                  (no ring)
Stlth    ++++......             (no ring)
HPRegen  0.18/turn              (no ring)
MPRegen  0.40/turn              (no ring)
                                (no ring)
                                (no ring)

@: flying
A: almost no armour, amphibious, 8 rings, camouflage 1, gelatinous body 1,
(nimble swimmer 1), tentacles, cold resistance 1, sense surroundings 1, shaggy
fur 1
a: Evoke Blink


You were on level 5 of the Dungeon.
You visited 2 branches of the dungeon, and saw 8 of its levels.
You also visited: Sewer and Ossuary.

You collected 248 gold pieces.

Inventory:

Hand Weapons
 b - a +0 dagger
 e - a +2 whip of electrocution
 m - the +7 short sword "Nisherra" (weapon) {elec, *Corrode +Blink Fly rF++}
   (You found it in a sewer)

   It occasionally discharges a powerful burst of electricity upon striking a
   foe.
   rF:        It greatly protects you from fire.
   Fly:       It grants you flight.
   +Blink:    It lets you blink.
   *Corrode:  It may corrode you when you take damage.
Missiles
 o - a curare-tipped dart (quivered)
Jewellery
 i - an amulet of guardian spirit
 j - an amulet of magic regeneration (around mantle)
 z - a ring of fire (left tentacle)
Wands
 a - a wand of charming (7)
 g - a wand of polymorph (7)
 s - a wand of iceblast (5)
Scrolls
 p - a scroll of silence
 q - 2 scrolls of teleportation
 v - 2 scrolls of amnesia {unknown}
 w - a scroll of identify
 y - a scroll of brand weapon {unknown}
 A - a scroll of blinking {unknown}
Potions
 c - 5 potions of haste
 d - a potion of lignification {unknown}
 f - 2 potions of cancellation
 h - 3 potions of mutation
 k - a potion of berserk rage {unknown}
 l - 4 potions of heal wounds
 n - a potion of invisibility {unknown}
 r - 2 potions of might {unknown}
 t - 5 potions of attraction {unknown}
 u - 4 potions of flight {unknown}
 x - a potion of degeneration {unknown}


   Skills:
 + Level 1.9 Fighting
 + Level 2.5 Short Blades
 + Level 1.9 Maces & Flails
 + Level 3.3 Dodging
 + Level 5.3 Stealth
 + Level 5.7 Spellcasting
 + Level 5.0 Conjurations
 + Level 0.2 Hexes
 + Level 7.0 Fire Magic
 * Level 5.0 Evocations


You had 8 spell levels left.
You knew the following spells:

 Your Spells              Type           Power      Damage    Failure   Level
a - Foxfire               Conj/Fire      100%       2x1d9     1%          1
b - Conjure Flame         Conj/Fire      47%        6-21      2%          3
c - Inner Flame           Hex/Fire       32%        N/A       7%          3
d - Sticky Flame          Conj/Fire      47%        2d6       9%          4

Your spell library contained the following spells:

 Spells                   Type           Power      Damage    Failure   Level
 Animate Skeleton         Necr           12%        N/A       10%         1
 Pain                     Necr           24%        1d5       10%         1
 Fireball                 Conj/Fire      23%        3d11      24%         5
 Gell's Gravitas          Tloc           3%         N/A       30%         3
 Lesser Beckoning         Tloc           3%         N/A       30%         3
 Teleport Other           Tloc           6%         N/A       30%         3
 Vampiric Draining        Necr           3%         2d6       30%         3


Dungeon Overview and Level Annotations

Branches:
Dungeon (7/15)             Temple (1/1) D:5           Sewer (visited)
Ossuary (visited)

Altars:
Ashenzari
Cheibriados
Dithmenos
Fedhas
Gozag
Hepliaklqana
Kikubaaqudgha
Makhleb
Nemelex Xobeh
Okawaru
Qazlal
Ru
Trog
Uskayaw
Wu Jian
Xom
Yredelemnul
Zin
The Shining One

Shops:
D:4 :   D:6 *


Innate Abilities, Weirdness & Mutations

You cannot wear most types of armour.
You are amphibious.
You can wear up to eight rings at the same time.
Your skin changes colour to match your surroundings (Stealth+).
Your rubbery body absorbs attacks. (AC +1, EV +1)
((You are camouflaged near water. (Stealth+)))
You have tentacles for arms and can constrict up to eight enemies at once.
Your flesh is cold resistant. (rC+)
You passively map a small area around you.
You are covered in fur. (AC +1)


Message History

Casting: Foxfire (safe; 1% risk of failure)
Confirm with . or Enter, or press ? or * to list all spells.
You conjure some foxfire!
The bullfrog simulacrum hits you. The bullfrog simulacrum freezes you.
You resist.
The foxfire hits the bullfrog simulacrum!
The bullfrog simulacrum melts!
The bullfrog simulacrum is heavily damaged.
The foxfire hits the bullfrog simulacrum.
The bullfrog simulacrum melts!
The bullfrog simulacrum is almost destroyed.
The bullfrog simulacrum closely misses you.
The bullfrog simulacrum hits you. The bullfrog simulacrum freezes you.
You resist.
Casting: Foxfire (safe; 1% risk of failure)
Confirm with . or Enter, or press ? or * to list all spells.
You conjure some foxfire!
The bullfrog simulacrum barely misses you.
The foxfire hits the bullfrog simulacrum!
The bullfrog simulacrum melts!
The bullfrog simulacrum vapourises!
You hear a sizzling sound!
Unknown command.
Your foxfire dissipates!
z - a ring of fire You feel more attuned to fire.
z - a ring of fire (left tentacle)
You now have 248 gold pieces (gained 12).
u - 4 cyan potions (gained 1)
Casting: Foxfire (safe; 1% risk of failure)
Confirm with . or Enter, or press ? or * to list all spells.
You feel a surge of power!
You conjure some foxfire!
The hornet simulacrum hits you! The hornet simulacrum freezes you!
The foxfire hits the hornet simulacrum.
The hornet simulacrum melts!
The hornet simulacrum is lightly damaged.
The foxfire hits the hornet simulacrum!
The hornet simulacrum melts!
The hornet simulacrum is severely damaged.
The hornet simulacrum hits you. The hornet simulacrum freezes you!
* * * LOW HITPOINT WARNING * * *
The hornet simulacrum hits you!
You die...

# #.# ##P#...#P##..#
#.#########.##.....#
#.........P.P..[..##
#####....##...##..#
##########.#...#######..#
###...............#### #..# #
##...####..#####......###..## #
#..###..####Z..##..##........ #
#.##........@...#..######...# #
#.#........###..##..####.....
#####.##..#......##..#..........#
.......#..#.......#..#..######.##
######.#..##.....##..#..# #.#
#....#...###..##..##..# #.#
#.##.##....####...#...# ##'##
#.##..#..........##.### ##...# #
#.###.##...ยง.....#..# ##.....


You could see a hornet simulacrum.

Vanquished Creatures
  The ghost of kuniqs the Slasher, a novice DgGl (D:5)
  A human (D:5)
  Menkaure (D:7)
  A water moccasin (D:5)
  An ice beast (D:5)
  An orc warrior (D:5)
  3 kobold brigands
  A bullfrog (D:7)
  A scorpion (D:6)
  A water moccasin zombie (Ossuary)
  10 wights
  2 bullfrog zombies
  Crazy Yiuf (D:3)
  A centaur skeleton (D:5)
  A gnoll shaman (D:4)
  A hound (D:4)
  3 jellies
  An orc priest (D:4)
  2 iguanas (D:4)
  Ijyb (D:3)
  3 orc wizards (D:5)
  4 bullfrog simulacra (D:5)
  A centaur simulacrum (D:5)
  A hound zombie (D:5)
  3 mummies
  8 adders
  4 river rats (Sewer)
  2 shadow imps
  A white imp (D:5)
  5 adder zombies (Ossuary)
  An adder skeleton (D:4)
  4 worms
  18 orcs
  12 ball pythons
  9 bats
  17 endoplasms
  7 giant cockroaches
  2 gnoll zombies (Ossuary)
  9 hobgoblins
  7 jackals
  A quokka (D:1)
  2 frilled lizards
  10 goblins
  6 hobgoblin zombies
  32 kobolds
  7 kobold zombies (Ossuary)
  6 orc zombies
  25 rats
242 creatures vanquished.

Vanquished Creatures (collateral kills)
  A foxfire (D:2)
1 creature vanquished.

Vanquished Creatures (others)
  700 foxfires
  8 fungi (D:2)
  26 plants
  7 toadstools (D:2)
741 creatures vanquished.

Grand Total: 984 creatures vanquished

Notes
Turn   | Place    | Note
-------+----------+-------------------------------------------
     0 | D:1      | Conn the Octopode Fire Elementalist began the quest for the
                  | Orb.
     0 | D:1      | Reached XP level 1. HP: 11/11 MP: 3/3
   208 | D:1      | Reached XP level 2. HP: 17/17 MP: 1/5
   833 | D:1      | Reached XP level 3. HP: 21/21 MP: 3/6
   837 | D:1      | Learned a level 3 spell: Conjure Flame
  1094 | D:1      | Found a faded altar of an unknown god.
  1605 | D:2      | Reached skill level 4 in Fire Magic
  1605 | D:2      | Reached XP level 4. HP: 24/27 MP: 3/7
  1857 | D:2      | Found a stormy altar of Qazlal.
  2639 | D:2      | Reached XP level 5. HP: 29/31 MP: 7/9
  2701 | D:2      | Found a hide-covered altar of Uskayaw.
  2885 | D:2      | Reached skill level 1 in Maces & Flails
  3111 | D:3      | Noticed Ijyb
  3476 | D:2      | Learned a level 3 spell: Inner Flame
  3619 | D:3      | Found a glowing drain.
  3628 | Sewer    | Entered a sewer
  3655 | Sewer    | Reached XP level 6. HP: 34/37 MP: 8/10
  3879 | Sewer    | Identified the +7 short sword "Nisherra" {elec, *Corrode
                  | +Blink Fly rF++}
  4272 | Sewer    | Reached skill level 1 in Fighting
  4301 | Sewer    | HP: 1/38 [poisoned by a kobold brigand (curare-tipped
                  | dart)]
  4652 | Sewer    | Reached XP level 7. HP: 43/43 MP: 6/12
  5305 | D:3      | Killed Ijyb
  5395 | D:3      | Found a burning altar of Makhleb.
  5513 | D:3      | Found a runed translucent door.
  5514 | D:3      | Noticed Crazy Yiuf
  5732 | D:3      | Killed Crazy Yiuf
  5792 | D:3      | Learned a level 4 spell: Sticky Flame
  5799 | D:4      | Found Peinuh's Book Emporium.
  5822 | D:4      | Reached skill level 5 in Fire Magic
  5914 | D:4      | Reached skill level 1 in Evocations
  6053 | D:4      | Found a sparkling altar of Nemelex Xobeh.
  6053 | D:4      | Found an ancient bone altar of Kikubaaqudgha.
  6053 | D:4      | Found an opulent altar of Gozag.
  7195 | D:5      | Entered Level 5 of the Dungeon
  7246 | D:5      | Found a runed translucent gate.
  7246 | D:5      | Found a runed translucent gate.
  7246 | D:5      | Found a runed translucent gate.
  7291 | D:5      | Found a staircase to the Ecumenical Temple.
  7306 | Temple   | Entered the Ecumenical Temple
  7541 | D:5      | Noticed kuniqs's ghost (novice DgGl)
  7601 | D:5      | Found a sand-covered staircase.
  7612 | Ossuary  | Entered an ossuary
  7815 | Ossuary  | Reached skill level 1 in Short Blades
  7839 | Ossuary  | Reached XP level 8. HP: 15/48 MP: 9/14
  8084 | Ossuary  | Gained mutation: You passively map a small area around you.
                  | [potion of mutation]
  8084 | Ossuary  | Gained mutation: Your flesh is cold resistant. (rC+)
                  | [potion of mutation]
  8084 | Ossuary  | Gained mutation: You are covered in fur. (AC +1) [potion of
                  | mutation]
  8658 | D:5      | You are sucked into a shaft and drop 2 floors!
  8838 | D:7      | Reached skill level 5 in Stealth
  8838 | D:7      | Reached skill level 6 in Fire Magic
  8992 | D:7      | Noticed Menkaure
  8997 | D:7      | Killed Menkaure
  9158 | D:7      | Reached skill level 5 in Spellcasting
  9406 | D:6      | Found Ykhyajokk's Elemental Accessories.
  9453 | D:6      | Reached XP level 9. HP: 54/54 MP: 14/16
 10312 | D:5      | Killed kuniqs's ghost
 10313 | D:5      | Reached skill level 7 in Fire Magic
 10313 | D:5      | Reached skill level 5 in Evocations
 10314 | D:5      | Reached skill level 5 in Conjurations
 10534 | D:5      | HP: 2/54 [hornet simulacrum (16)]
 10534 | D:5      | Mangled by a hornet simulacrum

Illustrated notes

Levels and vault maps discovered:
D:1:      wander_arrival_peaceful_grave, layout_loops_ring,
          hellmonk_ecumenical_altar_inner_sanctum
D:2:      cheibrodos_fertilizer, layout_loops_corners, basic_altar,
          serial_bayou, serial_bayou_pond_a, serial_bayou_pond_e,
          serial_bayou_shore_a, serial_bayou_lake_a, kennysheep_flooded_box
D:3:      layout_loops_ring, mainiacjoe_overflow_surrounded_room,
          cheibrodos_sewer_entry_bend, uniq_crazy_yiuf_cottage, uniq_ijyb
D:4:      layout_basic, gammafunk_temple_overflow_forgotten, serial_shops, shop,
          st_stairs_2
D:5:      layout_loops_corners, minmay_temple_entry_gardened_gates,
          gammafunk_ghost_icy, nicolae_ossuary_entry_giza, grunt_decor_junction
D:6:      layout_rooms, kennysheep_mini_moat, minivault_10,
          nicolae_elemental_shop, minmay_ruffians
D:7:      gammafunk_beogh_shrine, layout_basic, jmf_multi_god_temple,
          kennysheep_small_square, uniq_menkaure
Temple:   regret_index_temple_generic_petals

Skill      XL: |  1  2  3  4  5  6  7  8  9 |
---------------+----------------------------+-----
Fire Magic     | 4 5 6 7 |  7.0
Stealth        | 3 4 5 |  5.3
Maces & Flails | 1 |  1.9
Spellcasting   | 3 4 5 |  5.7
Conjurations   | 2 3 4 5 |  5.0
Fighting       | 1 |  1.9
Evocations     | 1 4 5 |  5.0
Short Blades   | 1 2 |  2.5
Dodging        | 3 |  3.3
Hexes          | |  0.2

Action                   |  1- 3 |  4- 6 |  7- 9 || total
-------------------------+-------+-------+-------++-------
Melee: Dagger            |     1 |       |       ||     1
       Whip              |     2 |    29 |       ||    31
       Tentacles         |     1 |     7 |    15 ||    23
       Constrict         |       |    10 |    18 ||    28
       Short sword       |       |     5 |    73 ||    78
Throw: Dart              |       |       |     1 ||     1
 Cast: Foxfire           |    68 |   118 |   218 ||   404
       Conjure Flame     |       |       |    13 ||    13
       Inner Flame       |       |       |     3 ||     3
       Sticky Flame      |       |       |     5 ||     5
  Use: Potion            |       |     3 |     9 ||    12
       Scroll            |       |       |     5 ||     5
 Stab: Sleeping          |       |     3 |     5 ||     8
Armor: Skin              |       |     7 |    13 ||    20
Dodge: Dodged            |    10 |    62 |    87 ||   159

Table legend: (Time is in decaauts)
 A = Elapsed time spent in this place.
 B = Non-inter-level travel time spent in this place.
 C = Inter-level travel time spent in this place.
 D = Time resting spent in this place.
 E = Time spent auto-exploring this place.
 F = Levels seen in this place.
 G = Mean time per level.
                   A        B        C        D        E       F      G
               +--------+--------+--------+--------+--------+-----+--------+
         Total |  10542 |  10448 |     94 |   1557 |   6045 |  10 | 1054.2 |
       Dungeon |   8515 |   8421 |     94 |    947 |   5457 |   7 | 1216.4 |
        Temple |    205 |    205 |      0 |      0 |      0 |   1 |  205.0 |
         Sewer |   1211 |   1211 |      0 |    407 |    361 |   1 | 1211.0 |
       Ossuary |    609 |    609 |      0 |    203 |    227 |   1 |  609.0 |
               +--------+--------+--------+--------+--------+-----+--------+

Top non-repeatable levels by time:
     D:2: 2299 daAuts
     D:5: 1695 daAuts
     D:3: 1381 daAuts
   Sewer: 1211 daAuts
     D:1: 1185 daAuts
     D:4: 1125 daAuts
 Ossuary: 609 daAuts
     D:7: 532 daAuts
     D:6: 295 daAuts
  Temple: 205 daAuts
